 Dungeon Crawl Stone Soup version 0.24-a0-416-g56ce517 (webtiles) character file.

Game seed: 11148803665804192452

9080 WraithLord24 the Blocker (level 11, -10/148 HPs)
             Began as a Hill Orc Fighter on June 8, 2019.
             Was a Believer of the Shining One.
             Mangled by a komodo dragon (20 damage)
             ... on level 1 of the Lair of Beasts.
             The game lasted 00:54:32 (8859 turns).

WraithLord24 the Blocker (Hill Orc Fighter)         Turns: 8859, Time: 00:54:33

Health: -10/148    AC: 25    Str: 20    XL:     11   Next: 40%
Magic:  18/18      EV:  2    Int:  8    God:    the Shining One [**....]
Gold:   599        SH:  0    Dex: 13    Spells: 20/20 levels left

rFire    . . .     SeeInvis .   r - +3 short sword (venom)
rCold    . . .     Gourm    .   D - +2 shield
rNeg     + + +     Faith    .   (armour currently unavailable)
rPois    +         Spirit   .   (helmet currently unavailable)
rElec    .         Reflect  .   (cloak currently unavailable)
rCorr    .         Harm     .   (gloves currently unavailable)
MR       .....     NoTele   +   (boots currently unavailable)
Stlth    +.........             h - amulet of regeneration
HPRegen  0.74/turn              m - ring of poison resistance
MPRegen  0.16/turn              (no ring)

@: confused, tree-form, hasted, glowing, very quick
A: no striking features
a: Divine Shield, Renounce Religion


You were on level 1 of the Lair of Beasts.
You worshipped the Shining One.
The Shining One was pleased with you.
You were full.
You were a tree.
You visited 3 branches of the dungeon, and saw 12 of its levels.

You collected 599 gold pieces.

Inventory:

Hand Weapons
 r - a +3 short sword of venom (weapon)
 t - a +0 falchion
Missiles
 H - 8 javelins (quivered)
 I - 11 boomerangs
Armour
 b - a +0 pair of boots (melded)
 l - +2 storm dragon scales (melded)
 v - a scarf of repulsion (melded)
 D - a +2 shield (worn)
 F - a +0 pair of gloves (melded)
Jewellery
 h - an amulet of regeneration (around neck)
 m - a ring of poison resistance (left branch)
Wands
 o - a wand of polymorph (26)
 z - a wand of random effects (18)
 E - a wand of acid (12)
 K - a wand of disintegration (12)
Scrolls
 a - 4 scrolls of identify
 c - a scroll of fear {unknown}
 d - 3 scrolls of remove curse
 g - 5 scrolls of amnesia
 n - 2 scrolls of fog
 p - 3 scrolls of teleportation
 w - a scroll of immolation {unknown}
 x - a scroll of magic mapping {unknown}
 y - 2 scrolls of enchant weapon
 B - 2 scrolls of blinking
 C - 2 scrolls of noise {unknown}
Potions
 e - a potion of might
 i - a potion of haste
 j - 3 potions of curing
 k - a potion of ambrosia
 q - a potion of lignification
 s - a potion of brilliance {unknown}
 A - a potion of degeneration {unknown}
 G - a potion of berserk rage {unknown}
 J - a potion of invisibility {unknown}
Comestibles
 f - 10 rations


   Skills:
 - Level 10.0 Fighting
 - Level 2.0(5.0) Short Blades
 + Level 8.0(8.1) Long Blades
 + Level 8.2 Armour
 + Level 11.3 Shields
 - Level 5.0 Spellcasting


You had 20 spell levels left.
You didn't know any spells.
Your spell library contained the following spells:

 Spells                   Type           Power        Failure   Level  Hunger
 Animate Skeleton         Necr           N/A          38%         1    #......
 Pain                     Necr           #...         38%         1    #......
 Summon Small Mammal      Summ           #...         38%         1    #......
 Call Imp                 Summ           #.......     52%         2    ##.....
 Call Canine Familiar     Summ           #.......     77%         3    ###....
 Regeneration             Chrm/Necr      #.........   77%         3    ###....
 Summon Guardian Golem    Hex/Summ       #.......     77%         3    ###....
 Vampiric Draining        Necr           #.........   77%         3    ###....
 Animate Dead             Necr           N/A          99%         4    #####..
 Summon Ice Beast         Ice/Summ       #.......     99%         4    #####..
 Summon Lightning Spire   Summ/Air       #.......     99%         4    #####..


Dungeon Overview and Level Annotations

Branches:
Dungeon (10/15)            Temple (1/1) D:5            Lair (1/6) D:9
    Orc: D:9-12

Altars:
Ashenzari
Cheibriados
Dithmenos
Elyvilon
Fedhas
Gozag
Hepliaklqana
Kikubaaqudgha
Makhleb
Nemelex Xobeh
Okawaru
Qazlal
Ru
Sif Muna
Trog
Uskayaw
Vehumet
Wu Jian
Xom
Yredelemnul
Zin
The Shining One

Shops:
D:4 =


Message History

The komodo dragon bites you but does no damage.
You are confused.
You feel invigorated.
The wolf bites you but does no damage. x3
The komodo dragon bites you but does no damage.
The wolf bites you.
* * * LOW HITPOINT WARNING * * *
You feel yourself speed up. The wolf bites you but does no damage.
The wolf bites you.
* * * LOW HITPOINT WARNING * * *
The komodo dragon bites you!!
* * * LOW HITPOINT WARNING * * *
The wolf bites you but does no damage. The wolf bites you!
* * * LOW HITPOINT WARNING * * *
You cannot move. (Use ctrl+direction or * direction to attack without moving.) Unknown command.
Unknown command.
You swing at nothing.
The wolf bites you but does no damage.
The wolf stops to sniff the ground.
The wolf bites you but does no damage. The komodo dragon bites you!!
You die...

/..... #.
...... #.
......
#.####....$.
#..#........
...........
#lh.......
#.♣hP#....
.#####........#
..............#
..............#
#####.........P
#..........
#..........
#..........
#.....###..


You could see a komodo dragon and 2 wolves.

Vanquished Creatures
  2 two-headed ogres
  2 spiny frogs
  A komodo dragon (Lair:1)
  3 trolls
  6 blink frogs
  Sigmund (D:4)
  A hippogriff (Lair:1)
  4 humans (D:6)
  Eustachio (D:4)
  2 hungry ghosts (D:9)
  Edmund (D:4)
  3 wargs (D:9)
  Menkaure (D:6)
  A porcupine (D:9)
  2 water moccasins
  5 orc warriors
  2 sky beasts
  2 ice beasts
  A hornet zombie (D:7)
  4 ogres
  2 big kobolds (D:9)
  3 bullfrogs
  3 scorpions
  4 wights (D:10)
  A howler monkey (D:3)
  3 crimson imps
  A quasit (D:6)
  3 bullfrog zombies
  A centaur zombie (D:7)
  A centaur skeleton (D:9)
  3 hounds
  A jelly (D:8)
  2 orc wizards (D:9)
  5 orc priests
  Crazy Yiuf (D:5)
  4 iguanas
  3 worker ants
  Natasha (thrice) (D:3)
  A hound zombie (D:6)
  A hound skeleton (D:6)
  A howler monkey zombie (D:7)
  3 worker ant zombies
  4 adders
  An ooze (D:3)
  An adder zombie (D:5)
  5 worms
  3 dart slugs
  6 leopard geckos
  24 orcs
  3 ball pythons
  8 giant cockroaches
  6 goblins
  8 hobgoblins
  7 jackals
  13 kobolds
  4 quokkas
  8 bats
  5 frilled lizards
  A jackal skeleton (D:5)
  A leopard gecko skeleton (D:5)
  A leopard gecko zombie (D:7)
  13 rats
217 creatures vanquished.

Notes
Turn   | Place    | Note
-------+----------+-------------------------------------------
     0 | D:1      | WraithLord24 the Hill Orc Fighter began the quest for the
                  | Orb.
     0 | D:1      | Reached XP level 1. HP: 19/19 MP: 1/1
   278 | D:1      | Reached XP level 2. HP: 23/26 MP: 2/2
   953 | D:2      | Reached XP level 3. HP: 31/31 MP: 3/3
  1202 | D:3      | Noticed Natasha
  1209 | D:3      | Killed Natasha
  1209 | D:3      | Reached skill level 5 in Armour
  1209 | D:3      | Reached XP level 4. HP: 27/39 MP: 4/4
  1652 | D:3      | Noticed Natasha
  1660 | D:3      | Killed Natasha
  1660 | D:3      | Reached XP level 5. HP: 37/45 MP: 5/5
  1777 | D:3      | Noticed Natasha
  1790 | D:3      | Killed Natasha
  2101 | D:3      | Reached skill level 1 in Spellcasting
  2336 | D:3      | Found a white marble altar of Elyvilon.
  2336 | D:3      | Found a shattered altar of Ashenzari.
  2448 | D:3      | Reached XP level 6. HP: 52/52 MP: 7/7
  2645 | D:4      | Noticed Eustachio
  2654 | D:4      | Killed Eustachio
  2654 | D:4      | Reached skill level 4 in Shields
  2669 | D:4      | Found Koebb's Jewellery Emporium.
  2788 | D:4      | Noticed Sigmund
  2804 | D:4      | Killed Sigmund
  2804 | D:4      | Reached skill level 5 in Fighting
  2804 | D:4      | Reached skill level 5 in Shields
  2804 | D:4      | Reached XP level 7. HP: 54/61 MP: 8/10
  3045 | D:5      | Entered Level 5 of the Dungeon
  3386 | D:4      | Noticed Edmund
  3406 | D:4      | Killed Edmund
  3540 | D:5      | Reached XP level 8. HP: 70/70 MP: 12/12
  3573 | D:5      | Found a staircase to the Ecumenical Temple.
  3592 | Temple   | Entered the Ecumenical Temple
  4366 | D:5      | Found a runed translucent door.
  4367 | D:5      | Noticed Crazy Yiuf
  4373 | D:5      | Killed Crazy Yiuf
  4591 | D:6      | Reached skill level 6 in Shields
  4891 | D:6      | Reached skill level 7 in Shields
  4929 | D:6      | Reached XP level 9. HP: 81/81 MP: 15/15
  4983 | D:6      | Noticed Menkaure
  4996 | D:6      | Killed Menkaure
  5087 | D:6      | Found a glowing golden altar of the Shining One.
  5092 | D:6      | Became a worshipper of the Shining One
  5804 | D:7      | Reached * piety under the Shining One
  5893 | D:7      | Reached skill level 8 in Shields
  6208 | D:8      | Reached skill level 5 in Spellcasting
  6319 | D:8      | Found a blossoming altar of Fedhas.
  6558 | D:8      | Reached skill level 1 in Long Blades
  7123 | D:9      | Noticed a two-headed ogre
  7140 | D:9      | Killed a two-headed ogre
  7140 | D:9      | Reached skill level 10 in Fighting
  7140 | D:9      | Reached skill level 9 in Shields
  7140 | D:9      | Reached XP level 10. HP: 80/93 MP: 17/17
  7411 | D:10     | Entered Level 10 of the Dungeon
  7423 | D:9      | Found a staircase to the Lair.
  7430 | D:9      | You fall into a shaft and drop 1 floor!
  7460 | D:10     | Reached skill level 5 in Long Blades
  7484 | D:10     | Noticed a two-headed ogre
  7497 | D:10     | Killed a two-headed ogre
  7497 | D:10     | Reached skill level 10 in Shields
  7574 | D:10     | Reached ** piety under the Shining One
  8211 | Lair:1   | Entered Level 1 of the Lair of Beasts
  8358 | D:9      | Reached XP level 11. HP: 96/99 MP: 18/18
  8661 | D:9      | Reached skill level 11 in Shields
  8858 | Lair:1   | HP: 6/148 [wolf (7)]
  8859 | Lair:1   | Mangled by a komodo dragon

Levels and vault maps discovered:
D:1:      moated_graveyard_arrival, layout_basic, grunt_decor_clamped
D:2:      layout_basic, minmay_three_crescents
D:3:      layout_rooms, minitemple, serial_bayou_pond_c, minmay_pentangle,
          uniq_natasha
D:4:      layout_layer_cave, serial_shops, shop, kennysheep_decorative_pillar,
          hangedman_abyss_or_decor_lesser_grid, uniq_eustachio, uniq_edmund,
          uniq_sigmund
D:5:      layout_loops_ring, minmay_temple_entry_large_hall, first_ration,
          uniq_crazy_yiuf_cottage
D:6:      layout_basic, lemuel_doored_altar, grunt_ministairs_12,
          minmay_ruffians, uniq_menkaure
D:7:      layout_rooms
D:8:      layout_loops_corners, kennysheep_mini_moat
D:9:      layout_stronghold, erik_lair_orcish_takeover
D:10:     layout_basic, uniq_erolcha
Temple:   regret_index_temple_mists
Lair:1:   layout_small_grid, beast_lair_carwin_3, infiniplex_staircase_pool,
          minmay_lair_oklob_chamber

Skill      XL: |  1  2  3  4  5  6  7  8  9 10 11 |
---------------+----------------------------------+-----
Armour         | 4 5 6 7 8 |  8.2
Fighting       | 4 5 6 8 10 | 10.0
Spellcasting   | 1 2 4 5 |  5.0
Shields        | 5 7 9 10 11 | 11.3
Long Blades    | 3 6 8 |  8.0
Short Blades   | |  2.0

Action                   |  1- 3 |  4- 6 |  7- 9 | 10-12 || total
-------------------------+-------+-------+-------+-------++-------
Melee: Rapier            |   117 |   160 |       |       ||   277
       Short sword       |       |    28 |   398 |   334 ||   760
       Unarmed           |       |       |     2 |       ||     2
Evoke: Wand              |       |       |     3 |       ||     3
  Use: Potion            |     1 |       |     1 |    10 ||    12
       Scroll            |       |     7 |    11 |       ||    18
  Eat: Chunk             |     1 |     4 |     2 |     5 ||    12
       Ration            |       |     1 |     4 |     2 ||     7
Armor: Scale mail        |    41 |    23 |       |       ||    64
       Storm dragon scal |       |   104 |   145 |   166 ||   415
       Skin              |       |       |     3 |    11 ||    14
Dodge: Dodged            |    26 |    43 |    53 |    84 ||   206
       Deflected         |       |       |       |     3 ||     3
Block: Shield            |    59 |    97 |   194 |   285 ||   635

Table legend:
 A = Non-vault XP
 B = Vault XP
 C = Vault XP percentage of total XP
 D = Non-vault monster count
 E = Vault monster count
 F = Vault count percentage of total count
                 A         B        C        D         E       F
            +---------+---------+-------+---------+---------+-------
      Total |   10255 |    2717 |  20.9 |     189 |      28 |  12.9
            +---------+---------+-------+---------+---------+-------
        D:1 |      33 |       0 |   0.0 |      20 |       0 |   0.0
        D:2 |      60 |       7 |  10.4 |      29 |       5 |  14.7
        D:3 |     146 |      89 |  37.9 |      19 |       5 |  20.8
        D:4 |     237 |     583 |  71.1 |      12 |       3 |  20.0
        D:5 |     187 |      40 |  17.6 |      11 |       1 |   8.3
        D:6 |     390 |    1070 |  73.3 |      12 |       6 |  33.3
        D:7 |     620 |       0 |   0.0 |      17 |       0 |   0.0
        D:8 |     682 |       0 |   0.0 |       9 |       0 |   0.0
        D:9 |    5346 |     556 |   9.4 |      48 |       7 |  12.7
       D:10 |    1626 |       0 |   0.0 |       9 |       0 |   0.0
     Lair:1 |     928 |     372 |  28.6 |       3 |       1 |  25.0
            +---------+---------+-------+---------+---------+-------
